 Dungeon Crawl Stone Soup version 0.29.1-4-g47bece8355 (webtiles) character file.

Game seed: 6044836303502638923

44743 zeram the Unseen (level 13, -16/57 HPs)
             Began as a Spriggan Brigand on Dec 5, 2022.
             Was the Champion of Dithmenos.
             Demolished by an orc warrior
             ... wielding a +0 battleaxe
              (33 damage)
             ... on level 2 of the Orcish Mines.
             The game lasted 00:57:32 (20307 turns).

zeram the Unseen (Spriggan Brigand)                Turns: 20307, Time: 00:57:33

Health: -16/57     AC: 15    Str:  7    XL:     13   Next: 97%
Magic:  38/38      EV: 33    Int: 21    God:    Dithmenos [******]
Gold:   2551       SH:  0    Dex: 18    Spells: 28/32 levels left

rFire   . . .      SeeInvis +   n - +4 dagger (drain)
rCold   . . .      Faith    .   (no shield)
rNeg    + . .      Spirit   .   C - +1 troll leather armour
rPois   .          Reflect  .   B - +3 hat of Pondering {ponderous, Will+ MP+10 Int+5}
rElec   .          Harm     .   c - +2 cloak
rCorr   .          Rampage  .   (gloves unavailable)
Will    +++..                   (boots unavailable) Stlth ****++++++
                                t - amulet of regeneration
HPRegen 1.79/turn               x - +4 ring of evasion
MPRegen 0.26/turn               o - ring of Past Mistakes {rN+ AC+4 Stlth+}

@: wreathed by umbra, studying Ranged Weapons, very quick
A: very small, no large weapons, unfitting armour, see invisible, speed 3
a: Renounce Religion, Shadow Step, Shadow Form


You were on level 2 of the Orcish Mines.
You worshipped Dithmenos.
Dithmenos was exalted by your worship.
You visited 3 branches of the dungeon, and saw 17 of its levels.
You also visited: Bailey.

You collected 2593 gold pieces.
You spent 42 gold pieces at shops.

Inventory:

Hand Weapons
 i - a +2 vampiric dagger
 n - a +4 dagger of draining (weapon)
 p - a +4 dagger
 E - a +2 antimagic dagger
 N - a +1 vampiric dagger
Missiles
 d - 25 poisoned darts (quivered)
 e - 3 curare-tipped darts
Armour
 c - a +2 cloak (worn)
 r - a +2 robe
 B - the +3 hat of Pondering (worn) {ponderous, Will+ MP+10 Int+5}
   (You took it off Gastronok on level 8 of the Dungeon)

   Int:       It affects your intelligence (+5).
   MP:        It affects your magic capacity (+10).
   Will:      It increases your willpower.
 C - a +1 troll leather armour (worn)
Jewellery
 a - a ring of resist corrosion
 b - an amulet of magic regeneration
 m - a ring of willpower
 o - the ring of Past Mistakes (right hand) {rN+ AC+4 Stlth+}
   (You found it on level 7 of the Dungeon)

   [ring of protection]

   AC:        It affects your AC (+4).
   rN:        It protects you from negative energy.
   Stlth:     It makes you more stealthy.
 t - an amulet of regeneration (around neck)
 x - a +4 ring of evasion (left hand)
 D - a ring of poison resistance
 O - a ring of magical power
Wands
 w - a wand of roots (1)
 F - a wand of digging (3)
Scrolls
 A - 2 scrolls of fog
 G - 4 scrolls of teleportation
 L - a scroll of amnesia
Potions
 f - 8 potions of curing
 g - 3 potions of haste
 h - 2 potions of cancellation
 j - 2 potions of heal wounds
 k - a potion of degeneration
 l - 2 potions of flight
 q - 4 potions of might
 s - 2 potions of ambrosia
 u - 2 potions of invisibility
 z - a potion of brilliance
 I - a potion of attraction {unknown}
 J - a potion of berserk rage


   Skills:
 - Level 1.5 Fighting
 + Level 12.1 Short Blades
 + Level 2.2 Throwing
 * Level 3.8 Armour
 + Level 17.1 Dodging
 + Level 19.4 Stealth
 * Level 10.4 Spellcasting
 * Level 2.4 Summonings
 * Level 1.4 Air Magic
 + Level 5.0 Evocations


You had 28 spell levels left.
You knew the following spells:

 Your Spells              Type           Power      Damage    Failure   Level
a - Summon Lightning Spi  Summ/Air       19%        N/A       36%         4

Your spell library contained the following spells:

 Spells                   Type           Power      Damage    Failure   Level
 Foxfire                  Conj/Fire      40%        2x1d6     9%          1
 Magic Dart               Conj           40%        1d5       9%          1
 Poisonous Vapours        Pois/Air       28%        N/A       10%         2
 Searing Ray              Conj           20%        2d5       14%         2
 Sublimation of Blood     Necr           10%        N/A       14%         2
 Conjure Flame            Conj/Fire      10%        6-21      26%         3
 Inner Flame              Hex/Fire       10%        N/A       26%         3
 Airstrike                Air            8%         2d(2-18)  43%         4
 Animate Armour           Summ/Erth      32%        N/A       47%         4
 Flame Wave               Conj/Fire      10%        2d6       65%         4
 Fulminant Prism          Conj/Hex       5%         3d7       65%         4
 Lightning Bolt           Conj/Air       7%         1d19      88%         5
 Agony                    Necr           10%        N/A       94%         5
 Blade Hands              Tmut           5%         N/A       94%         5
 Borgnjor's Vile Clutch   Necr/Erth      5%         N/A       94%         5
 Fireball                 Conj/Fire      5%         3d5       94%         5
 Iskenderun's Battlesphe  Conj           10%        2d6       94%         5
 Conjure Ball Lightning   Conj/Air       7%         3x3d6     100%        6
 Iron Shot                Conj/Erth      5%         9d2       100%        6
 Orb of Destruction       Conj           5%         9d5       100%        7


Dungeon Overview and Level Annotations

Branches:
Dungeon (14/15)            Temple (1/1) D:5            Lair (0/5) D:10
    Orc (2/2) D:11            Elf (0/3) Orc:2        Bailey (visited)
 Vaults: D:13-14

Altars:
Ashenzari
Cheibriados
Dithmenos
Elyvilon
Fedhas
Gozag
Hepliaklqana
Kikubaaqudgha
Makhleb
Nemelex Xobeh
Okawaru
Qazlal
Ru
Sif Muna
Trog
Uskayaw
Vehumet
Wu Jian
Xom
Yredelemnul
Zin
The Shining One

Shops:
D:2 !   D:10 *   Orc:2 (

Annotations:
D:7 Blork the orc
D:10 3 runed translucent doors, funnyparkerb's ghost, journeyman FeSu


Innate Abilities, Weirdness & Mutations

You are very small and have problems with some larger weapons.
You are too small for most types of armour.
You have supernaturally acute eyesight. (SInv)
You cover ground extremely quickly. (Speed+++)


Message History

The orc warrior is almost dead.
Your shadow misses the orc warrior. The orc warrior barely misses you.
You hit the orc warrior. You drain the orc warrior.
You kill the orc warrior!
Dithmenos accepts your kill.
The orc warrior throws a boomerang.
The boomerang hits you!
The orc priest mumbles some strange prayers to Beogh against you.
Beogh smites you!
Things that are here:
a +0 hand axe; a +0 chain mail; an orc corpse The orc knight roars a battlecry!
The orcs go into a battle-frenzy!
The orc warrior throws a boomerang.
The boomerang completely misses you. The orc priest closely misses you.
You hit the orc priest.
The orc priest is moderately wounded.
You barely miss the orc priest.
The orc priest is moderately wounded.
The orc knight misses you. The orc priest barely misses you.
The orc warrior hits you with a +0 battleaxe!!
You emit a cloud of dark smoke.
You hit the orc priest. You drain the orc priest.
The orc priest is severely wounded.
Unknown command.
You hit the orc priest but do no damage.
The orc priest is severely wounded.
The orc knight barely misses you. The orc priest completely misses you.
The orc warrior completely misses you.
Unknown command.
You hit the orc priest.
The orc priest is almost dead.
You hit the orc priest.
You kill the orc priest!
Dithmenos accepts your kill.
The orc knight hits you with a +0 war axe!
* * * LOW HITPOINT WARNING * * *
The orc warrior throws a boomerang.
The boomerang closely misses you.
The orc warrior hits you with a +0 battleaxe!!
Ouch! That really hurt!
You die...

****,,,,,,,,,,,,,,^,,,,****
*,,,,,,.............,,,,,,*
*,,,,,,,............,,,,,,*
*,,,,,**#.........#**,,,,,*
*,,,,,* #.........# *,,,,,*
******* #.§.......# *******
#§§o§.....# ##* #§§§§§....#
#.######** ###o@§..###
...#....,* #..§§o....#
#.....#.## ###§.§).###
.......#.## ##)).##
..........# #))$)##
..#.......#####.....#
............#.#.....###
#.###..###...)..._..#.##
*** #..# ##.#..........##
###


You could see an orc knight and 2 orc warriors.

Vanquished Creatures
  Gastronok (D:8)
  2 orc warlords
  Josephine (D:10)
  Erica (D:7)
  A centaur warrior (D:13)
  4 orc high priests
  Pikel (D:5)
  4 orc knights
  A deep elf pyromancer (D:13)
  4 ugly things
  6 orc sorcerers
  2 cyclopes
  Maurice (D:8)
  2 kobold demonologists (D:12)
  4 gargoyles
  4 unseen horrors
  A komodo dragon (D:10)
  7 trolls
  10 slime creatures
  A shadow (D:12)
  A wyvern (D:11)
  8 wraiths
  12 yaks
  A basilisk (D:13)
  Eustachio (D:4)
  A steam dragon (D:10)
  3 wargs
  2 water moccasins
  A black bear (D:6)
  4 ice beasts
  43 orc warriors
  8 ogres
  A boggart (D:14)
  2 centaurs
  2 phantoms
  2 lemures
  3 kobold brigands
  3 bullfrogs
  3 gnoll sergeants
  2 necrophages
  3 scorpions (D:4)
  8 wights
  5 howler monkeys
  27 orc priests
  2 hounds (D:5)
  2 gnoll boudas
  6 jellies
  5 iguanas
  Jessica (D:3)
  Natasha (thrice) (D:2)
  25 orc wizards
  15 adders
  20 gnolls
  A white imp (D:6)
  2 dart slugs (D:1)
  86 orcs
  A bat zombie (D:3)
  8 endoplasms
  4 giant cockroaches
  22 goblins
  12 hobgoblins
  4 jackals (D:2)
  5 quokkas
  6 ball pythons
  6 bats
  3 frilled lizards
  36 kobolds
  13 rats
  3 rat zombies (D:3)
495 creatures vanquished.

Vanquished Creatures (others)
  An orc (Orc:2)
  15 plants
16 creatures vanquished.

Grand Total: 511 creatures vanquished

Notes
Turn   | Place    | Note
-------+----------+-------------------------------------------
     0 | D:1      | zeram the Spriggan Brigand began the quest for the Orb.
     0 | D:1      | Reached XP level 1. HP: 10/10 MP: 2/2
    51 | D:1      | Reached skill level 6 in Stealth
   159 | D:1      | Reached XP level 2. HP: 6/14 MP: 3/3
  1102 | D:2      | Found Kuhezaf Dudu's Distillery.
  1109 | D:2      | Reached XP level 3. HP: 15/18 MP: 4/4
  1152 | D:2      | Bought a potion of curing for 42 gold pieces
  1249 | D:2      | Reached skill level 7 in Stealth
  1937 | D:2      | Reached XP level 4. HP: 22/22 MP: 5/5
  2226 | D:2      | Found a burning altar of Makhleb.
  2441 | D:2      | Noticed Natasha
  2457 | D:2      | Killed Natasha
  2458 | D:2      | Reached skill level 8 in Stealth
  2587 | D:2      | Noticed Natasha
  2605 | D:2      | Killed Natasha
  2606 | D:2      | Reached XP level 5. HP: 13/25 MP: 6/6
  2730 | D:2      | Noticed Natasha
  2744 | D:2      | Killed Natasha
  2948 | D:3      | Noticed Jessica
  2955 | D:3      | Killed Jessica
  3303 | D:3      | Reached skill level 9 in Stealth
  3534 | D:3      | Found an ancient bone altar of Kikubaaqudgha.
  3575 | D:4      | Reached XP level 6. HP: 30/30 MP: 7/7
  3786 | D:5      | Entered Level 5 of the Dungeon
  4063 | D:4      | Noticed Eustachio
  4085 | D:4      | Killed Eustachio
  4086 | D:4      | Reached skill level 10 in Stealth
  4373 | D:4      | Reached skill level 5 in Short Blades
  4373 | D:4      | Reached XP level 7. HP: 31/33 MP: 8/8
  4913 | D:4      | Reached skill level 11 in Stealth
  4917 | D:4      | Found a shimmering altar of Xom.
  5646 | D:5      | Reached XP level 8. HP: 18/37 MP: 9/9
  5849 | D:5      | Reached skill level 5 in Dodging
  5970 | D:5      | You fall into a shaft and drop 2 floors!
  6147 | D:7      | Identified the ring of Past Mistakes {rN+ AC+4 Stlth+}
  6529 | D:6      | Reached skill level 12 in Stealth
  6650 | D:6      | Noticed Pikel
  7542 | D:5      | Found a staircase to the Ecumenical Temple.
  8027 | D:5      | Killed Pikel
  8028 | D:5      | Reached skill level 13 in Stealth
  8028 | D:5      | Reached XP level 9. HP: 41/41 MP: 10/10
  8422 | D:7      | Noticed an unseen horror
  8513 | D:7      | Identified the +2 leather armour "Ypped" {Int+2}
  8535 | D:7      | Found a sparkling altar of Nemelex Xobeh.
  8535 | D:7      | Found an ornate altar of the Wu Jian Council.
  8545 | D:7      | Found a bloodstained altar of Trog.
  8663 | D:7      | Noticed Blork the orc
  8735 | D:7      | Killed an unseen horror
  9509 | D:7      | Reached skill level 14 in Stealth
  9975 | Temple   | Entered the Ecumenical Temple
 10057 | Temple   | Became a worshipper of Dithmenos the Shadowed
 10244 | D:8      | Found a blossoming altar of Fedhas.
 10298 | D:8      | Reached skill level 1 in Evocations
 10340 | D:8      | Noticed Maurice
 10344 | D:8      | Noticed Erica
 10427 | D:8      | Reached XP level 10. HP: 44/46 MP: 11/11
 10434 | D:8      | Killed Maurice
 10585 | D:8      | Reached skill level 10 in Dodging
 10591 | D:8      | Noticed Gastronok
 10602 | D:8      | Killed Gastronok
 10603 | D:8      | Reached skill level 10 in Short Blades
 10603 | D:8      | Reached skill level 15 in Stealth
 10845 | D:7      | Killed Erica
 10874 | D:8      | Reached * piety under Dithmenos
 11262 | D:8      | Found a glowing golden altar of the Shining One.
 11429 | D:8      | Reached skill level 16 in Stealth
 11552 | D:8      | Found a white marble altar of Elyvilon.
 11681 | D:8      | Reached ** piety under Dithmenos
 11972 | D:9      | Found a blossoming altar of Fedhas.
 11993 | D:9      | Found a flagged portal.
 12008 | Bailey   | Entered a bailey
 12041 | Bailey   | Reached XP level 11. HP: 49/49 MP: 12/12
 12224 | Bailey   | Noticed an orc knight
 12245 | Bailey   | Killed an orc knight
 12252 | Bailey   | Reached *** piety under Dithmenos
 12314 | Bailey   | Noticed an orc warlord
 12449 | Bailey   | Killed an orc warlord
 12814 | D:9      | Reached skill level 17 in Stealth
 13690 | D:9      | Learned a level 4 spell: Summon Lightning Spire
 13736 | D:10     | Entered Level 10 of the Dungeon
 13822 | D:10     | Found an opulent altar of Gozag.
 13873 | D:10     | Noticed Josephine
 13902 | D:10     | Killed Josephine
 14019 | D:10     | Found Ygeudgh's Changing Room.
 14100 | D:10     | Found a staircase to the Lair.
 14184 | D:10     | Reached **** piety under Dithmenos
 14275 | D:10     | Found a sacrificial altar of Ru.
 14305 | D:10     | Noticed funnyparkerb's ghost (journeyman FeSu)
 14306 | D:10     | Found a runed translucent gate.
 14306 | D:10     | Noticed an 11-headed hydra
 14307 | D:10     | Found a runed translucent gate.
 14307 | D:10     | Found a runed translucent gate.
 14307 | D:10     | Noticed a ten-headed hydra
 14548 | D:10     | Reached XP level 12. HP: 53/53 MP: 12/26
 14944 | D:11     | Reached skill level 18 in Stealth
 15512 | D:11     | Found a staircase to the Orcish Mines.
 16007 | D:12     | Reached skill level 1 in Armour
 16063 | D:12     | Reached skill level 15 in Dodging
 16063 | D:12     | Reached XP level 13. HP: 57/57 MP: 27/27
 17158 | D:12     | Got the Quarto of Ghastly Envenoming
 17176 | D:12     | Identified a scroll of acquirement
 17176 | D:12     | Acquired 862 gold pieces
 17946 | Orc:1    | Entered Level 1 of the Orcish Mines
 17946 | Orc:1    | Found a shimmering altar of Xom.
 17969 | Orc:1    | Reached ***** piety under Dithmenos
 18013 | Orc:1    | Reached skill level 19 in Stealth
 18139 | Orc:2    | Entered Level 2 of the Orcish Mines
 18642 | Orc:2    | Found Naehaupy's Antique Weapon Shoppe.
 18693 | Orc:2    | Found a staircase to the Elven Halls.
 18740 | Orc:2    | Reached skill level 1 in Summonings
 18866 | Orc:2    | Noticed an orc warlord
 19182 | Orc:1    | Killed an orc warlord
 19183 | Orc:1    | Reached skill level 10 in Spellcasting
 19869 | Orc:2    | Reached skill level 1 in Air Magic
 20083 | Orc:2    | Reached skill level 5 in Evocations
 20299 | Orc:2    | Reached ****** piety under Dithmenos
 20307 | Orc:2    | Demolished by an orc warrior

Illustrated notes

Levels and vault maps discovered:
D:1:      nzn_arrival_depleted_hourglass, layout_loops_ring,
          minmay_misc_feat_room
D:2:      layout_basic, basic_altar, serial_shops,
          nicolae_shop_competitors_out_of_business, minmay_cut_off, uniq_natasha
D:3:      layout_rooms, lemuel_zombie_altar_kikubaaqudgha, uniq_jessica
D:4:      layout_basic, lemuel_coloured_pillars_altar, grunt_ministairs_7,
          st_stairs_5, uniq_eustachio
D:5:      layout_cave_pools, minmay_temple_entry_proselytizer,
          grunt_decor_resistance, chequers_avenue
D:6:      layout_rooms, uniq_pikel
D:7:      layout_rooms, nicolae_overflow_hidden_temple, sword_in_stone
D:8:      kennysheep_kobold_camp, layout_gridville, elyvilon_altar_3,
          hangedman_feature_mirror, amethyst_killhole, uniq_erica, uniq_maurice,
          uniq_gastronok
D:9:      layout_layer_cave, amcnicky_altar_gilded, enter_bailey_6
D:10:     layout_loops_ring, mainiacjoe_overflow_paths,
          nicolae_gozag_seed_capital, david_lair_shrubbed,
          gammafunk_ghost_hydra_chop, nicolae_transmutations_shop,
          uniq_josephine
D:11:     layout_loops_corners, erik_orc_4
D:12:     layout_layer_cave
D:13:     layout_gridville
D:14:     layout_loops_ring, lightli_vaults_fourway_checkpoint,
          fiery_altar_vehumet, minmay_pinched_square, uniq_jorgrun, uniq_lodul,
          uniq_nessos, uniq_kirke, uniq_agnes
Temple:   dshaligram_water_room_temple
Orc:1:    layout_caves, basic_altar
Orc:2:    st_orc_congregation, layout_caves, basic_altar, serial_shops,
          nicolae_shop_hallway_stairs, nicolae_volcano_entry_hallway,
          mines2_david, uniq_sonja

Skill      XL: |  1  2  3  4  5  6  7  8  9 10 11 12 13 |
---------------+----------------------------------------+-----
Stealth        | 6 7 8 9 10 11 13 14 16 17 18 19 | 19.4
Short Blades   | 3 4 5 6 8 9 10 11 12 | 12.1
Dodging        | 2 3 4 7 9 12 14 15 17 | 17.1
Evocations     | 1 3 4 5 |  5.0
Spellcasting   | 9 10 | 10.4
Armour         | 1 3 |  3.8
Summonings     | 2 |  2.4
Air Magic      | 1 |  1.4
Fighting       | |  1.5
Throwing       | |  2.2

Action                   |  1- 3 |  4- 6 |  7- 9 | 10-12 | 13-15 || total
-------------------------+-------+-------+-------+-------+-------++-------
Melee: Dagger            |   117 |   162 |   559 |  1171 |  1355 ||  3364
       Punch             |     1 |     2 |     6 |    16 |    24 ||    49
Invok: Shadow Step       |       |       |       |     1 |       ||     1
Evoke: Wand              |       |       |     8 |    12 |    15 ||    35
  Use: Scroll            |     5 |     1 |    13 |     7 |     7 ||    33
       Potion            |       |       |     1 |     5 |     5 ||    11
 Stab: Sleeping          |    11 |    19 |    21 |    22 |    21 ||    94
       Distracted        |       |       |       |     7 |     3 ||    10
       Invisible         |       |       |       |       |     1 ||     1
Armor: Robe              |    17 |    15 |    45 |    49 |       ||   126
       Troll leather arm |       |       |       |    12 |    83 ||    95
Dodge: Dodged            |    86 |   111 |   352 |   951 |  1150 ||  2650
